 Dungeon Crawl Stone Soup version 0.19-a0-96-gda1d387 (webtiles) character file.

317 AlphabetPasta the Insei (level 6, -20/50 HPs)
             Began as a Centaur Transmuter on May 16, 2016.
             Demolished by an ogre
             ... wielding a +0 giant spiked club
              (30 damage)
             ... on level 4 of the Dungeon.
             The game lasted 00:21:58 (4482 turns).

AlphabetPasta the Insei (Centaur Transmuter)        Turns: 4482, Time: 00:21:59

Health: -20/50     AC:  7    Str: 12      XL:     6   Next: 20%
Magic:  9/9        EV: 10    Int: 11 (12) God:
Gold:   98         SH:  0    Dex: 12      Spells: 3 memorised, 3 levels left

rFire  . . .     SeeInvis .       - Unarmed
rCold  + . .     Gourm    .     l - +2 robe {rC+}
rNeg   . . .     Faith    .     (no shield)
rPois  .         Spirit   .     (no helmet)
rElec  .         Dismiss  .     k - +0 cloak
rCorr  .         Reflect  .     (no gloves)
SustAt .         Harm     .     (no barding)
MR     .....                    (no amulet)
Stlth  +.........               (no ring)
                                (no ring)

@: very quick, not resistant to hostile enchantments, very unstealthy
A: hooves 3, deformed body, speed 2, tough skin 3
a: no special abilities


You were on level 4 of the Dungeon.
You were not hungry.

You visited 1 branch of the dungeon, and saw 4 of its levels.

You collected 98 gold pieces.

Inventory:

Missiles
 a - 38 arrows
Armour
 b - a +1 robe
 k - a +0 cloak (worn)
 l - a +2 robe of cold resistance (worn)
Wands
 o - a wand of flame (29/48)
Scrolls
 e - a scroll of identify {unknown}
 j - a scroll of recharging
Potions
 g - a potion of cancellation {unknown}
 i - a potion of heal wounds
Books
 c - a book of Changes

   Spells                             Type                      Level
   a - Beastly Appendage              Transmutation                1
   b - Sticks to Snakes               Transmutation                2
   c - Spider Form                    Transmutation/Poison         3
   d - Ice Form                       Ice/Transmutation            4
   e - Blade Hands                    Transmutation                5
Comestibles
 d - 4 bread rations
 f - 3 meat rations
 h - 5 fruits
 m - 2 beef jerkies
 n - a chunk of flesh


   Skills:
 + Level 2.4 Fighting
 + Level 2.2 Dodging
 * Level 4.6 Unarmed Combat
 + Level 2.4 Spellcasting
 + Level 2.9 Transmutations
 + Level 1.0 Evocations


You had 3 spell levels left.
You knew the following spells:

 Your Spells              Type           Power        Failure   Level  Hunger
a - Beastly Appendage     Trmt           #.....       10%         1    ##.....
b - Sticks to Snakes      Trmt           #.......     14%         2    ###....
c - Spider Form           Trmt/Pois      #.........   47%         3    ####...


Dungeon Overview and Level Annotations

Branches:
Dungeon (4/15)
 Temple: D:4-7

Altars:
Cheibriados
Pakellas
Yredelemnul
The Shining One


Innate Abilities, Weirdness & Mutations

You have hooves in place of feet.
Armour fits poorly on your strangely shaped body.
You cover ground very quickly.
You have extremely tough skin (AC +3).


Message History

Zapping:
o - a wand of flame {zapped: 13} (will waste charges)
Press: ? - help, Shift-Dir - straight line, f/p - ogre
Aim: an ogre, wielding a giant spiked club (heavily wounded)
The puff of flame hits the ogre.
The ogre is severely wounded.
Evoking this partially-identified wand wasted a few charges.
Evoke which item? (* to show all) (? for menu, Esc to quit)
Zapping:
o - a wand of flame {zapped: 16} (will waste charges)
Press: ? - help, Shift-Dir - straight line, f/p - ogre
Aim: an ogre, wielding a giant spiked club (severely wounded)
The puff of flame hits the ogre.
The ogre is almost dead.
Evoking this partially-identified wand wasted a few charges.
Your skill with magical items lets you calculate the power of this device...
This wand has 29 charges left.
You hit the ogre. You kick the ogre, but do no damage.
The ogre is almost dead.
The ogre hits you with a giant spiked club!!
Ouch! That really hurt!
You die...

....###.#####..#........####.#.#
#....................## #.#.#
#..##.######.###.##### #.... #.#
#.###.# ###.# #.# #.....# #..
#)# #..#### ### #.# #..# #)#
#..# #.# #.@########## #.#
#.O##.......# #.# ##.##O#####.#
#.# ###.##.# #.# #.#####......#
#.#######
#.......###..#####..<..O..
#######.# #............... #.#
#.##............
#.....##############


You could see an ogre.

Vanquished Creatures
  An ogre (D:4)
  An orc wizard (D:4)
  A worker ant (D:4)
  3 gnolls (D:4)
  7 adders
  2 adder skeletons (D:4)
  2 worms
  3 dart slugs
  7 orcs (D:4)
  5 giant cockroaches
  11 goblins
  11 hobgoblins
  3 jackals (D:1)
  8 kobolds
  3 quokkas
  3 bats
  4 giant newts
  8 rats
83 creatures vanquished.

Notes
Turn   | Place    | Note
--------------------------------------------------------------
     0 | D:1      | AlphabetPasta the Centaur Transmuter began the quest for the Orb.
     0 | D:1      | Reached XP level 1. HP: 16/16 MP: 3/3
   407 | D:1      | Reached XP level 2. HP: 23/23 MP: 2/4
   412 | D:1      | Learned a level 2 spell: Sticks to Snakes
  1012 | D:1      | Reached XP level 3. HP: 19/28 MP: 3/5
  1838 | D:2      | Reached XP level 4. HP: 30/36 MP: 4/7
  1849 | D:2      | Learned a level 3 spell: Spider Form
  2165 | D:2      | Found a snail-covered altar of Cheibriados.
  3008 | D:4      | Found a basalt altar of Yredelemnul.
  3015 | D:4      | Found an oddly glowing altar of Pakellas.
  3018 | D:4      | Found a glowing golden altar of the Shining One.
  3264 | D:4      | Reached XP level 5. HP: 33/41 MP: 2/8
  3282 | D:4      | Reached skill level 4 in Unarmed Combat
  3875 | D:4      | Noticed an ogre
  3887 | D:4      | Killed an ogre
  3887 | D:4      | Reached XP level 6. HP: 22/50 MP: 5/9
  4257 | D:4      | Reached skill level 1 in Evocations
  4482 | D:4      | Demolished by an ogre

Vault maps used:
D:1:      dpeg_arrival_morbid_curiosity, minmay_strange_pillars
D:2:      lemuel_coloured_pillars_altar
D:3:      due_unseen_surprise
D:4:      grunt_temple_overflow_diamond, first_bread, minmay_misc_feat_tiny

Skill      XL: |  1  2  3  4  5  6 |
---------------+-------------------+-----
Transmutations | 2 |  2.9
Spellcasting   | 2 |  2.4
Fighting       | 2 |  2.4
Unarmed Combat | 4 |  4.6
Dodging        | 2 |  2.2
Evocations     | 1 |  1.0

Action                   |  1- 3 |  4- 6 || total
-------------------------+-------+-------++-------
Melee: Unarmed           |   159 |   211 ||   370
       Kick              |    27 |    42 ||    69
       Headbutt          |     6 |    19 ||    25
       Punch             |       |     3 ||     3
 Cast: Beastly Appendage |    14 |    19 ||    33
       Sticks to Snakes  |     4 |     6 ||    10
Evoke: Wand              |       |     7 ||     7
  Use: Potion            |     3 |     2 ||     5
       Scroll            |       |     4 ||     4
  Eat: Chunk             |     3 |     9 ||    12
Armor: Robe              |    26 |    58 ||    84
Dodge: Dodged            |    65 |    81 ||   146
